 Dungeon Crawl Stone Soup version 0.23-a0-350-g6fd5563 (webtiles) character file.

9426 Garbasso the Martial Artist (level 11, -8/87 HPs)
             Began as a Merfolk Transmuter on Oct 20, 2018.
             Was a High Priest of Okawaru.
             Mangled by a five-headed hydra (11 damage)
             ... on level 1 of the Lair of Beasts.
             The game lasted 00:44:52 (14259 turns).

Garbasso the Martial Artist (Merfolk Transmuter)   Turns: 14259, Time: 00:44:53

Health: -8/87      AC:  2    Str: 12    XL:     11   Next: 46%
Magic:  1/14       EV: 32    Int: 15    God:    Okawaru [*****.]
Gold:   259        SH:  0    Dex: 23    Spells: 0/14 levels left

rFire    . . .     SeeInvis .     - Unarmed
rCold    . . .     Gourm    .   (shield currently unavailable)
rNeg     . . .     Faith    .   (armour currently unavailable)
rPois    x         Spirit   .   (helmet currently unavailable)
rElec    .         Reflect  .   (cloak currently unavailable)
rCorr    .         Harm     .   (gloves currently unavailable)
MR       .....                  (boots currently unavailable)
Stlth    ++........             (no amulet)
HPRegen  0.24/turn              (no ring)
MPRegen  0.14/turn              G - +4 ring of dexterity

@: lethally poisoned (-8 -> -9), about to teleport, spider-form, very slightly
contaminated, slowed, very slow
A: tiny, (change form in water), (swift swim), (stealthy swim)
a: End Transformation, Heroism, Finesse, Renounce Religion


You were on level 1 of the Lair of Beasts.
You worshipped Okawaru.
Okawaru was extremely pleased with you.
You were not hungry.
You were a venomous arachnid creature.
You visited 3 branches of the dungeon, and saw 11 of its levels.
You also visited: Ossuary.

You collected 844 gold pieces.
You spent 585 gold pieces at shops.

Inventory:

Hand Weapons
 F - a +1 shortbow of freezing
Missiles
 a - 277 arrows
 y - a throwing net
 D - 16 tomahawks (quivered)
Armour
 t - a +1 helmet (melded)
 x - a +0 scale mail of poison resistance
 B - a +1 ring mail of fire resistance (melded)
 H - a +0 cloak (melded)
 M - the +0 pair of gloves of Charity (melded) {Str+3 Stlth+}
   (Okawaru gifted it to you on level 1 of the Lair of Beasts)

   It affects your strength (+3).
   It makes you more stealthy.
Jewellery
 v - an uncursed ring of fire
 G - a +4 ring of dexterity (right front leg)
Scrolls
 j - a scroll of enchant armour
 k - 5 scrolls of remove curse
 m - 2 scrolls of amnesia
 n - 7 scrolls of teleportation
 o - a scroll of fear {unknown}
 C - a scroll of magic mapping
 I - a scroll of noise {unknown}
 J - a scroll of enchant weapon {unknown}
 K - 3 scrolls of identify
Potions
 b - 3 potions of resistance
 e - 4 potions of brilliance
 f - 2 potions of lignification {unknown}
 g - 3 potions of magic
 h - a potion of degeneration {unknown}
 i - 8 potions of curing
 l - a potion of cancellation {unknown}
 p - 3 potions of might
 q - 2 potions of invisibility {unknown}
 r - a potion of heal wounds
 s - a potion of ambrosia {unknown}
 w - a potion of mutation {unknown}
 A - 2 potions of agility
 E - a potion of flight {unknown}
 L - a potion of haste {unknown}
Comestibles
 d - 17 rations


   Skills:
 + Level 8.6 Fighting
 + Level 10.4 Dodging
 * Level 11.8 Unarmed Combat
 - Level 2.0 Spellcasting
 - Level 11.0 Transmutations
 - Level 3.2 Ice Magic


You couldn't memorise any spells.
You knew the following spells:

 Your Spells              Type           Power        Failure   Level  Hunger
a - Blade Hands           Tmut           ####......   19%         5    ######.
b - Sticks to Snakes      Tmut           ####....     3%          2    ###....
c - Spider Form           Tmut/Pois      ###.......   19%         3    ###....
d - Ice Form              Ice/Tmut       ###.....     28%         4    #####..

Your spell library contained the following spells:

 Spells                   Type           Power        Failure   Level  Hunger
 Beastly Appendage        Tmut           ####..       2%          1    #......
 Magic Dart               Conj           #...         43%         1    #......
 Corpse Rot               Necr           N/A          54%         2    ###....
 Searing Ray              Conj           #.....       54%         2    ###....
 Sublimation of Blood     Necr           #.........   54%         2    ###....
 Dazzling Spray           Conj/Hex       #.....       75%         3    ###....
 Force Lance              Conj/Tloc      #.......     98%         4    #####..
 Fulminant Prism          Conj/Hex       #.........   98%         4    #####..
 Iskenderun's Mystic Bla  Conj           #.......     98%         4    #####..
 Agony                    Necr           #.......     100%        5    ######.
 Bolt of Draining         Conj/Necr      #.........   100%        5    ######.
 Dispel Undead            Necr           #.......     100%        5    ######.
 Excruciating Wounds      Chrm/Necr      #.........   100%        5    ######.


Dungeon Overview and Level Annotations

Branches:
Dungeon (9/15)             Temple (1/1) D:5            Lair (1/6) D:9
    Orc: D:9-12

Altars:
Cheibriados
Dithmenos
Fedhas
Nemelex Xobeh
Okawaru
Ru
Sif Muna
Trog
Uskayaw
Vehumet
Xom
Yredelemnul
Zin
The Shining One

Shops:
D:6 *   D:8 *

Annotations:
Lair:1 2 transporters, Sonja


Message History

The five-headed hydra completely misses you. x2
Your ball python completely misses Sonja.
Your ball python barely misses Sonja.
Sonja unwields a +0 blowgun.
Sonja wields a +2 short sword of venom.
It begins to drip with poison!
Sonja barely misses your adder.
Sonja hits your adder with a +2 short sword of venom.
Your adder is poisoned.
Sonja hits your adder with a +2 short sword of venom!
Your adder dies!
Your water moccasin closely misses Sonja.
As you read the scroll of teleportation, it crumbles to dust.
You feel strangely unstable.
You feel sick.
Your ball python completely misses Sonja.
Your ball python misses Sonja.
Your water moccasin misses Sonja.
The five-headed hydra bites you!
* * * LOW HITPOINT WARNING * * *
The five-headed hydra bites you.
* * * LOW HITPOINT WARNING * * *
The five-headed hydra bites you!
You die...

#....# #.
#....##....# #.
#....##....## ##.
#....P#....P# #..
#....##.....# ##.
#.S..##....## #.
#SK..##.....# #.
#...D#..(...# ####.
#...s(.....## ##....
#.(..##....P# ##.....
#....##....## #.≈.<.≈
#....##....# ##.≈≈≈≈≈
#....##....###.÷≈≈≈≈≈
#...........)..≈≈≈≈≈≈
#..............≈≈≈÷≈≈
#%.... ........≈÷≈≈≈≈
........≈≈≈≈≈


You could see a five-headed hydra, Sonja, a friendly water moccasin and a
friendly ball python.

Vanquished Creatures
  A hydra (Lair:1)
  Erica (D:8)
  Pikel (D:8)
  A black mamba (Lair:1)
  A komodo dragon (Lair:1)
  5 hippogriffs
  Sigmund (D:3)
  5 yaks
  Edmund (D:5)
  A water moccasin (Lair:1)
  2 ice beasts
  6 porcupines
  2 orc warriors (D:6)
  2 sky beasts
  3 slaves (D:8)
  A black bear (D:9)
  2 phantoms
  5 ogres
  7 centaurs
  4 wolves (Lair:1)
  2 crocodiles
  A wyvern zombie (D:9)
  4 bullfrogs
  A wyvern skeleton (D:6)
  4 scorpions
  5 wights (D:6)
  A howler monkey (D:4)
  2 crimson imps (D:5)
  A lava snake (D:7)
  4 hounds
  3 jellies
  2 centaur zombies
  A bullfrog skeleton (D:6)
  A bullfrog zombie (D:8)
  6 orc priests
  Crazy Yiuf (D:7)
  Ijyb (D:3)
  4 iguanas
  4 orc wizards
  3 worker ants
  A hound zombie (D:8)
  8 mummies (Ossuary)
  Robin (D:2)
  2 howler monkey skeletons
  9 adders
  15 gnolls
  A shadow imp (D:5)
  An adder skeleton (D:7)
  2 worms
  14 dart slugs
  7 leopard geckos
  36 orcs
  10 bats
  4 giant cockroaches
  15 goblins
  6 hobgoblins
  10 jackals
  5 quokkas
  A ball python (D:1)
  A ball python zombie (D:6)
  4 frilled lizards
  3 hobgoblin zombies (Ossuary)
  5 kobolds
  2 kobold zombies (Ossuary)
  2 leopard gecko skeletons
  A quokka skeleton (D:5)
  5 rats
274 creatures vanquished.

Vanquished Creatures (collateral kills)
  A jelly (D:9)
  A big kobold zombie (Ossuary)
  An adder skeleton (D:4)
  4 orcs
  2 hobgoblins
  2 orc zombies (Ossuary)
11 creatures vanquished.

Vanquished Creatures (others)
  2 bushes (D:3)
  12 fungi (D:9)
  4 plants
18 creatures vanquished.

Grand Total: 303 creatures vanquished

Notes
Turn   | Place    | Note
-------+----------+-------------------------------------------
     0 | D:1      | Garbasso the Merfolk Transmuter began the quest for the
                  | Orb.
     0 | D:1      | Reached XP level 1. HP: 15/15 MP: 3/3
   249 | D:1      | Reached XP level 2. HP: 17/21 MP: 3/5
   263 | D:1      | Learned a level 2 spell: Sticks to Snakes
   841 | D:1      | Reached XP level 3. HP: 23/27 MP: 4/6
  1321 | D:2      | Learned a level 3 spell: Spider Form
  1336 | D:2      | Noticed Robin
  1920 | D:2      | Reached XP level 4. HP: 33/33 MP: 5/7
  2445 | D:2      | Killed Robin
  2915 | D:3      | Noticed Sigmund
  3138 | D:3      | Reached XP level 5. HP: 38/39 MP: 4/8
  3374 | D:3      | Found a blossoming altar of Fedhas.
  3376 | D:3      | Noticed Ijyb
  3384 | D:3      | Killed Ijyb
  3688 | D:3      | Reached skill level 5 in Unarmed Combat
  3764 | D:3      | HP: 2/40 [gnoll/+0 spear (6)]
  4093 | D:4      | Noticed a sky beast
  4316 | D:3      | Reached XP level 6. HP: 46/46 MP: 0/9
  4661 | D:3      | Killed Sigmund
  4860 | D:3      | Reached skill level 5 in Dodging
  4860 | D:3      | Reached skill level 5 in Transmutations
  4860 | D:3      | Reached XP level 7. HP: 45/52 MP: 6/10
  5977 | D:4      | Learned a level 5 spell: Blade Hands
  5981 | D:4      | Found a shadowy altar of Dithmenos.
  6261 | D:5      | Entered Level 5 of the Dungeon
  6294 | D:5      | Reached XP level 8. HP: 60/60 MP: 7/11
  6331 | D:5      | Found a deep blue altar of Sif Muna.
  6391 | D:5      | Noticed Edmund
  6408 | D:5      | Killed Edmund
  6576 | D:5      | Found a staircase to the Ecumenical Temple.
  6581 | Temple   | Entered the Ecumenical Temple
  6615 | Temple   | Became a worshipper of Warmaster Okawaru
  6667 | D:5      | Found a sand-covered staircase.
  6672 | Ossuary  | Entered an ossuary
  6880 | Ossuary  | Reached skill level 5 in Fighting
  7792 | D:5      | Reached XP level 9. HP: 40/68 MP: 12/12
  8208 | D:6      | Reached * piety under Okawaru
  8920 | D:6      | Found Egutain's Assorted Antiques.
  8928 | D:6      | Bought 2 potions of curing for 144 gold pieces
  8928 | D:6      | Bought an agate ring for 120 gold pieces
  8932 | D:6      | Bought a scroll of teleportation for 72 gold pieces
  8932 | D:6      | Bought a scroll of magic mapping for 84 gold pieces
  8932 | D:6      | Bought a scroll of teleportation for 72 gold pieces
  9207 | D:6      | Reached ** piety under Okawaru
 10594 | D:7      | Found a runed door.
 10599 | D:7      | Noticed Crazy Yiuf
 10602 | D:7      | Killed Crazy Yiuf
 10746 | D:8      | Reached XP level 10. HP: 74/77 MP: 7/13
 10982 | D:8      | Found Quonuac's Assorted Antiques.
 11033 | D:8      | Bought a scroll labeled PONGETIASM for 31 gold pieces
 11033 | D:8      | Bought a scroll of identify for 62 gold pieces
 11042 | D:8      | Noticed Erica
 11053 | D:8      | Killed Erica
 11053 | D:8      | Reached *** piety under Okawaru
 11053 | D:8      | Reached skill level 10 in Unarmed Combat
 11276 | D:8      | Noticed Pikel
 11295 | D:8      | Killed Pikel
 11297 | D:8      | Found a shadowy altar of Dithmenos.
 11821 | D:9      | Reached skill level 10 in Transmutations
 11916 | D:9      | Reached **** piety under Okawaru
 12928 | D:9      | Found a staircase to the Lair.
 12939 | Lair:1   | Entered Level 1 of the Lair of Beasts
 12947 | Lair:1   | Reached ***** piety under Okawaru
 12958 | Lair:1   | Reached XP level 11. HP: 79/86 MP: 9/14
 12967 | Lair:1   | Reached skill level 10 in Dodging
 12983 | Lair:1   | Learned a level 4 spell: Ice Form
 13143 | Lair:1   | Reached skill level 1 in Ice Magic
 13280 | Lair:1   | Found a transporter.
 13284 | Lair:1   | Noticed a swamp dragon
 13284 | Lair:1   | Noticed a swamp dragon
 13636 | Lair:1   | Received a gift from Okawaru
 13639 | Lair:1   | Got a pair of twisted gloves {god gift}
 13692 | Lair:1   | Identified the +0 pair of gloves of Charity {Str+3 Stlth+}
                  | (Okawaru gifted it to you on level 1 of the Lair of Beasts)
 13922 | Lair:1   | Found a transporter.
 14012 | Lair:1   | Noticed a four-headed hydra
 14028 | Lair:1   | Killed a four-headed hydra
 14223 | Lair:1   | Noticed Sonja
 14248 | Lair:1   | Noticed a five-headed hydra
 14259 | Lair:1   | HP: 3/87 [five-headed hydra (5)]
 14259 | Lair:1   | Mangled by a five-headed hydra

Vault maps used:
D:1:      psy_arrival_basics
D:2:      first_ration, uniq_robin
D:3:      serial_forest, infiniplex_forest_split, infiniplex_forest_lined_3,
          infiniplex_forest_clump_cross, infiniplex_forest_corner_2,
          infiniplex_forest_clump_double, infiniplex_forest_lined_1,
          infiniplex_forest_straight_2, fedhas_altar_2, uniq_ijyb, uniq_sigmund
D:4:      kennysheep_slugbush, grunt_dithmenos_smoke_and_mirrors
D:5:      minmay_temple_entry_grid, enter_ossuary_2, hex_medium,
          lemuel_blue_sif_altar, uniq_edmund
D:6:      serial_shops, shop
D:7:      kennysheep_generic_room_2, uniq_crazy_yiuf_cottage
D:8:      basic_altar, serial_shops, nicolae_shop_overgrown_old_shop,
          uniq_pikel, uniq_erica
D:9:      due_lair_maze_entry_diamond, uniq_joseph
Temple:   regret_index_temple_sigil_plot
Lair:1:   gammafunk_cloud_chamber, grunt_megastairs_3,
          infiniplex_staircase_pool, uniq_sonja
Ossuary:  ossuary_tomb_3

Skill      XL: |  1  2  3  4  5  6  7  8  9 10 11 |
---------------+----------------------------------+-----
Dodging        | 3 4 5 7 8 9 10 | 10.4
Transmutations | 3 4 5 8 9 10 11 | 11.0
Unarmed Combat | 4 5 6 7 9 11 | 11.8
Fighting       | 2 3 4 5 6 8 |  8.6
Ice Magic      | 3 |  3.2
Spellcasting   | |  2.0

Action                   |  1- 3 |  4- 6 |  7- 9 | 10-12 || total
-------------------------+-------+-------+-------+-------++-------
Melee: Unarmed           |   117 |   166 |   404 |   236 ||   923
       Headbutt          |    12 |     4 |       |       ||    16
       Tailslap          |       |       |     8 |     3 ||    11
       Punch             |       |       |     7 |     5 ||    12
Throw: Stone             |       |     1 |     2 |       ||     3
       Tomahawk          |       |       |       |     2 ||     2
 Cast: Beastly Appendage |    19 |     1 |       |       ||    20
       Sticks to Snakes  |     2 |     9 |     7 |    10 ||    28
       Spider Form       |       |    14 |    15 |    10 ||    39
       Blade Hands       |       |       |    17 |    16 ||    33
Invok: Heroism           |       |       |     1 |       ||     1
 Abil: End Transformatio |       |       |     1 |     1 ||     2
  Use: Scroll            |       |       |    10 |     6 ||    16
       Potion            |       |       |       |     4 ||     4
 Stab: Sleeping          |       |     1 |     2 |       ||     3
       Distracted        |       |       |       |     1 ||     1
  Eat: Chunk             |     1 |     8 |    19 |    17 ||    45
       Ration            |     1 |     1 |     3 |     1 ||     6
Armor: Robe              |    24 |    22 |    24 |    18 ||    88
       Skin              |       |     1 |     3 |     2 ||     6
Dodge: Dodged            |    86 |   140 |   275 |   311 ||   812

Table legend:
 A = Non-vault XP
 B = Vault XP
 C = Vault XP percentage of total XP
 D = Non-vault monster count
 E = Vault monster count
 F = Vault count percentage of total count
                 A         B        C        D         E       F
            +---------+---------+-------+---------+---------+-------
      Total |   10119 |    3347 |  24.9 |     226 |      56 |  19.9
            +---------+---------+-------+---------+---------+-------
        D:1 |      45 |       1 |   2.2 |      25 |       1 |   3.8
        D:2 |      32 |      35 |  52.2 |       8 |      12 |  60.0
        D:3 |     490 |     263 |  34.9 |      47 |       3 |   6.0
        D:4 |     241 |      40 |  14.2 |      21 |      10 |  32.3
        D:5 |    1091 |     164 |  13.1 |      22 |       1 |   4.3
        D:6 |    1224 |       0 |   0.0 |      31 |       0 |   0.0
        D:7 |     598 |      83 |  12.2 |      14 |       2 |  12.5
        D:8 |     799 |    1403 |  63.7 |      15 |       2 |  11.8
        D:9 |     929 |    1040 |  52.8 |      23 |       8 |  25.8
     Lair:1 |    4670 |     145 |   3.0 |      20 |       1 |   4.8
    Ossuary |       0 |     173 | 100.0 |       0 |      16 | 100.0
            +---------+---------+-------+---------+---------+-------
